 Dungeon Crawl Stone Soup version 0.28-a0-1395-g4f6bc678fa (webtiles) character file.

Game seed: 7394638224404956617

2184 eustatius the Spear-Bearer (level 9, -7/72 HPs)
             Began as a Minotaur Wanderer on Jan 5, 2022.
             Was an Initiate of Hepliaklqana.
             Mangled by an orc warrior (13 damage)
             ... on level 7 of the Dungeon.
             The game lasted 00:26:21 (7049 turns).

eustatius the Spear-Bearer (Minotaur Wanderer)      Turns: 7049, Time: 00:26:21

Health: -7/72      AC: 17    Str: 22    XL:     9   Next: 11%
Magic:  8/8        EV: 10    Int:  7    God:    Hepliaklqana [......]
Gold:   200        SH:  0    Dex: 14    Spells: 8/8 levels left

rFire   . . .      SeeInvis .   B - +2 falchion (protect)
rCold   . . .      Faith    .   (no shield)
rNeg    . . .      Spirit   .   s - +2 chain mail {rPois}
rPois   +          Reflect  .   (helmet restricted)
rElec   .          Harm     .   c - +0 cloak
rCorr   +          Rampage  .   z - +2 pair of gloves {Str+3}
Will    .....                   (no boots)
Stlth   ..........              (no amulet)
HPRegen 0.22/turn               e - ring of resist corrosion
MPRegen 0.11/turn               (no ring)

@: brilliant
A: horns 2, retaliatory headbutt
a: Renounce Religion


You were on level 7 of the Dungeon.
You worshipped Hepliaklqana.
Hepliaklqana was noncommittal.
You visited 2 branches of the dungeon, and saw 9 of its levels.

You collected 372 gold pieces.
You spent 172 gold pieces at shops.

Inventory:

Hand Weapons
 a - a +2 spear
 l - a +1 whip of pain
 n - a +0 hand crossbow
 q - a +1 dagger of electrocution
 u - a +2 vorpal hunting sling
 w - a +2 dagger of venom
 B - a +2 falchion of protection (weapon)
 D - a +1 dagger of speed
 E - the +3 short sword of Uncomfortable Rashes {vorpal, Stlth+}
   (You found it on level 7 of the Dungeon)

   It inflicts extra damage upon your enemies.
   Stlth:     It makes you more stealthy.
Missiles
 g - 10 sling bullets
 r - 4 curare-tipped darts (quivered)
 v - 105 stones
Armour
 c - a +0 cloak (worn)
 s - a +2 chain mail of poison resistance (worn)
 z - a +2 pair of gloves of strength (worn)
Magical Staves
 o - a staff of conjuration
Jewellery
 e - a ring of resist corrosion (left hand)
 y - a ring of ice
Wands
 p - a wand of polymorph (8)
Scrolls
 d - 2 scrolls of teleportation {unknown}
 f - 2 scrolls of magic mapping {unknown}
 i - 2 scrolls of enchant armour {unknown}
 j - 3 scrolls of identify {unknown}
 x - 2 scrolls of immolation {unknown}
Potions
 b - 3 potions of curing {unknown}
 h - a potion of flight {unknown}
 k - 2 potions of brilliance
 m - 3 potions of heal wounds {unknown}
 t - a potion of attraction {unknown}
 A - a potion of might {unknown}
 C - a potion of invisibility {unknown}


   Skills:
 * Level 4.4 Fighting
 * Level 2.7 Long Blades
 + Level 1.2(6.0) Axes
 - Level 9.4 Polearms
 + Level 0.2 Throwing
 * Level 8.5 Armour
 * Level 6.4 Dodging
 + Level 1.6 Stealth


You had 8 spell levels left.
You didn't know any spells.
Your spell library contained the following spells:

 Spells                   Type           Power      Damage    Failure   Level
 Sandblast                Erth           0%         2d4       97%         1
 Passwall                 Tmut/Erth      0%         N/A       99%         2
 Stone Arrow              Conj/Erth      0%         3d7       100%        3
 Airstrike                Air            0%         N/A       100%        4
 Summon Lightning Spire   Summ/Air       0%         N/A       100%        4
 Lightning Bolt           Conj/Air       0%         1d11      100%        5


Dungeon Overview and Level Annotations

Branches:
Dungeon (8/15)             Temple (1/1) D:7
   Lair: D:8-11

Altars:
Ashenzari
Cheibriados
Dithmenos
Elyvilon
Fedhas
Gozag
Hepliaklqana
Kikubaaqudgha
Makhleb
Nemelex Xobeh
Okawaru
Qazlal
Ru
Sif Muna
Trog
Uskayaw
Wu Jian
Xom
Yredelemnul
Zin
The Shining One

Shops:
D:3 *   D:5 [


Innate Abilities, Weirdness & Mutations

You have a pair of horns on your head.
You reflexively headbutt those who attack you in melee.


Message History

The troll claws you!
You hit the orc warrior.
Your weapon exudes an aura of protection.
The orc warrior is moderately wounded.
The orc warrior barely misses you. You furiously retaliate!
You headbutt the orc warrior. The troll bites you!
The troll claws you but does no damage. The troll claws you.
You closely miss the orc warrior.
The orc warrior is heavily wounded.
The orc warrior hits you but does no damage.
The troll bites you. The troll claws you but does no damage.
The troll closely misses you.
You hit the orc warrior.
The orc warrior is heavily wounded.
The orc warrior hits you with a +0 battleaxe.
The troll bites you!
The troll claws you but does no damage. x2
You hit the orc warrior.
The orc warrior is heavily wounded.
The orc warrior barely misses you. The troll closely misses you.
The troll claws you. x2
You closely miss the orc warrior.
The orc warrior is heavily wounded.
The orc warrior barely misses you. The troll bites you!
* * * LOW HITPOINT WARNING * * *
The troll claws you!
* * * LOW HITPOINT WARNING * * *
The troll claws you but does no damage.
Throw: 5 darts (curare)
Press: ? - help, Q - select action, (/) - cycle Shift-Dir - straight line, f - troll
Aim: a troll (60% to hit)
You throw a curare-tipped dart. The curare-tipped dart hits the troll.
The troll is poisoned.
The troll convulses.
The troll seems to slow down.
The troll is moderately wounded.
The orc warrior misses you. The troll closely misses you.
The troll barely misses you. The troll claws you but does no damage.
The orc warrior closely misses you.
The orc warrior hits you but does no damage.
The orc warrior hits you with a +0 battleaxe!
You die...

...................#####.##.#.#.#
..................## #.##.....#
.#.######....##...######.####.###
.......##.#.....#.##.......##....
)#.###.##................#.######
...##.........>).###.#####.#
.####..########.T###.## #.# .#
#..########.o##...# #.#
.####..##.......@.....# #.#
...##..##.#####..##...# #.#
.#.##..##.# #..###### #.#
.#.##..##.# #..# #.#
...##..##<#####..# #####.#
#.............÷(.### #...#.#####
...###....####[[...###.#.......#
.#.###.#.#...............#####.##
.#.##..†.#..............## #...#


You could see a troll (very poisoned, slow) and an orc warrior.

Vanquished Creatures
  A hornet (D:7)
  3 yaks (D:7)
  A sky beast (D:5)
  3 necrophages
  A phantom (D:7)
  A scorpion (D:4)
  A water moccasin zombie (D:5)
  6 killer bees (D:6)
  A howler monkey (D:4)
  A bullfrog zombie (D:5)
  A centaur zombie (D:7)
  4 hounds
  3 orc priests
  A centaur skeleton (D:4)
  2 iguanas
  3 orc wizards
  A killer bee zombie (D:7)
  A hound skeleton (D:4)
  A howler monkey zombie (D:7)
  4 gnolls (D:5)
  5 adders
  3 white imps
  2 ufetubi
  2 adder skeletons (D:4)
  2 worms (D:2)
  3 dart slugs
  20 orcs
  5 endoplasms
  3 giant cockroaches
  7 goblins
  8 hobgoblins
  5 jackals
  A quokka (D:2)
  10 ball pythons
  5 bats
  2 frilled lizards
  4 kobolds
  A quokka skeleton (D:4)
  4 rats
132 creatures vanquished.

Notes
Turn   | Place    | Note
-------+----------+-------------------------------------------
     0 | D:1      | eustatius the Minotaur Wanderer began the quest for the
                  | Orb.
     0 | D:1      | eustatius set off with the following items: a +2 spear, a
                  | +0 hand axe, a +0 cloak, a +0 leather armour
     0 | D:1      | Reached XP level 1. HP: 16/16 MP: 0/0
    39 | D:1      | Found a faded altar of an unknown god.
    56 | D:1      | Prayed at the altar of an unknown god.
    56 | D:1      | Became a worshipper of Sif Muna the Loreminder
    56 | D:1      | Reached * piety under Sif Muna
   133 | D:1      | Reached skill level 4 in Polearms
   190 | D:1      | Reached XP level 2. HP: 23/23 MP: 1/1
   423 | D:2      | Reached XP level 3. HP: 28/28 MP: 2/2
   436 | D:2      | Reached ** piety under Sif Muna
   582 | D:2      | Reached skill level 5 in Dodging
  1086 | D:3      | Reached skill level 1 in Armour
  1263 | D:3      | Reached XP level 4. HP: 26/35 MP: 3/3
  1351 | D:3      | Found Merae's General Store.
  2325 | D:4      | Noticed a necrophage
  2342 | D:4      | Killed a necrophage
  2343 | D:4      | Reached skill level 5 in Polearms
  2343 | D:4      | Reached XP level 5. HP: 36/41 MP: 4/4
  2359 | D:4      | Reached *** piety under Sif Muna
  2368 | D:4      | Noticed a necrophage
  2387 | D:4      | Killed a necrophage
  2388 | D:4      | Reached skill level 6 in Polearms
  2388 | D:4      | Reached XP level 6. HP: 32/50 MP: 5/5
  2445 | D:4      | HP: 2/50 [poisoned by a scorpion]
  3267 | D:4      | Reached XP level 7. HP: 50/56 MP: 6/6
  3709 | D:5      | Entered Level 5 of the Dungeon
  3720 | D:5      | Reached skill level 7 in Polearms
  3878 | D:5      | Found Weskif's Antique Armour Shoppe.
  3887 | D:5      | Bought a pair of runed gloves for 172 gold pieces
  4013 | D:5      | Reached skill level 5 in Armour
  4288 | D:5      | Reached **** piety under Sif Muna
  4586 | D:6      | Reached skill level 8 in Polearms
  4802 | D:6      | Reached XP level 8. HP: 63/63 MP: 7/7
  4915 | D:6      | Reached skill level 9 in Polearms
  5460 | D:7      | Noticed a hornet
  5476 | D:7      | Killed a hornet
  5865 | D:7      | Found a staircase to the Ecumenical Temple.
  5910 | Temple   | Entered the Ecumenical Temple
  6015 | Temple   | Fell from the grace of Sif Muna
  6015 | Temple   | Became a worshipper of Hepliaklqana the Forgotten
  6425 | D:7      | Identified the +3 short sword of Uncomfortable Rashes
                  | {vorpal, Stlth+}
  6588 | D:7      | Reached skill level 1 in Long Blades
  6692 | D:8      | Noticed a troll
  6753 | D:7      | Reached XP level 9. HP: 17/72 MP: 8/8
  7049 | D:7      | Mangled by an orc warrior

Illustrated notes

Levels and vault maps discovered:
D:1:      saegor_arrival_simple_c, layout_rooms,
          hellmonk_ecumenical_altar_zigzags
D:2:      layout_basic, feat_on_display
D:3:      layout_loops_corners, serial_shops, nicolae_shop_stone,
          hangedman_decor_push, chequers_serial_rivers_micro_b
D:4:      layout_loops_ring, minmay_ruptured
D:5:      layout_loops_cross, serial_shops, shop
D:6:      cheibrodos_iron_armory, layout_loops_ring, serial_glass,
          glass_columns_a, glass_columns_a
D:7:      layout_loops_ring, minmay_temple_entry_drinking_statues
D:8:      layout_cave_pods, gammafunk_ghost_stat_death,
          nicolae_shop_firing_range
Temple:   grunt_wide_crystal_templ

Skill      XL: |  1  2  3  4  5  6  7  8 |
---------------+-------------------------+-----
Polearms       | 4 5 6 8 9 |  9.4
Dodging        | 5 6 |  6.4
Armour         | 1 2 4 5 8 |  8.5
Fighting       | 2 3 4 |  4.4
Long Blades    | 2 |  2.7
Axes           | |  1.2
Throwing       | |  0.2
Stealth        | |  1.6

Action                   |  1- 3 |  4- 6 |  7- 9 || total
-------------------------+-------+-------+-------++-------
Melee: Spear             |    71 |   154 |   190 ||   415
       Headbutt          |    18 |    17 |    56 ||    91
       Falchion          |       |       |    67 ||    67
Throw: Dart              |       |       |     6 ||     6
  Use: Potion            |       |       |     1 ||     1
 Stab: Sleeping          |     1 |       |       ||     1
Armor: Ring mail         |    27 |    14 |       ||    41
       Scale mail        |       |    51 |       ||    51
       Chain mail        |       |    14 |   206 ||   220
Dodge: Dodged            |    61 |    62 |   154 ||   277

Table legend: (Time is in decaauts)
 A = Elapsed time spent in this place.
 B = Non-inter-level travel time spent in this place.
 C = Inter-level travel time spent in this place.
 D = Time resting spent in this place.
 E = Time spent auto-exploring this place.
 F = Levels seen in this place.
 G = Mean time per level.
                   A        B        C        D        E       F      G
               +--------+--------+--------+--------+--------+-----+--------+
         Total |   6968 |   6437 |    531 |   1054 |   3735 |   9 |  774.2 |
       Dungeon |   6851 |   6320 |    531 |   1054 |   3735 |   8 |  856.4 |
        Temple |    116 |    116 |      0 |      0 |      0 |   1 |  116.0 |
               +--------+--------+--------+--------+--------+-----+--------+

Top non-repeatable levels by time:
     D:7: 1471 daAuts
     D:4: 1353 daAuts
     D:3: 1257 daAuts
     D:6: 899 daAuts
     D:5: 808 daAuts
     D:2: 808 daAuts
     D:1: 245 daAuts
  Temple: 116 daAuts
     D:8: 8 daAuts
